| TOP OF THE 1ST |
|
Memphis Redbirds batting - Pitching for Albuquerque Isotopes : RHP Josh Kenyon
|
|
Pitching: RHP Josh Kenyon
|
|
|
Batting: RHB Joe Smack
|
0-0: Ball 1-0: SINGLE (Groundball, P, EV 88.8 MPH) (infield hit)
|
|
Batting: SHB Dan Lash
|
0-0: Called Strike Joe Smack steals 2nd base 0-1: Foul Ball, location: 2F 0-2: Strikes out swinging
|
|
Batting: RHB Jeff Brower
|
0-0: Fly out, F7 (Flyball, 7, EV 86.2 MPH)
|
|
Batting: LHB Ronnie Ashley
|
0-0: SINGLE (Groundball, 6MD, EV 105.0 MPH) Joe Smack to third Runner from 3rd tries for Home, throw by CF and OUT! 8-2
|
| Top of the 1st over - 0 runs, 2 hits, 0 errors, 1 left on base; Memphis 0 - Albuquerque 0 |
| BOTTOM OF THE 1ST |
|
Albuquerque Isotopes batting - Pitching for Memphis Redbirds : LHP Tsugunosuke Murakami
|
|
Pitching: LHP Tsugunosuke Murakami
|
|
|
Batting: LHB Alfredo de la Cruz
|
0-0: Ball 1-0: Swinging Strike 1-1: Foul Ball, location: 2F 1-2: Ball 2-2: Foul Ball, location: 2F 2-2: SINGLE (Line Drive, 78M, EV 98.1 MPH)
|
|
Batting: RHB Logan Morgan
|
0-0: Ball 1-0: Foul Ball, location: 2F 1-1: Fly out, F8 (Flyball, 78M, EV 78.1 MPH)
|
|
Batting: RHB Chris King
|
0-0: Ball 1-0: Ball 2-0: Ball 3-0: Called Strike 3-1: Base on Balls Alfredo de la Cruz to second
|
|
Batting: RHB Adrian Rudkilde
|
0-0: Ball 1-0: Ball 2-0: Called Strike 2-1: Foul Ball, location: 2F 2-2: Ball 3-2: Base on Balls Alfredo de la Cruz to third Chris King to second
|
|
Batting: RHB Eddie McCoy
|
0-0: Foul Ball, location: 2F 0-1: Called Strike 0-2: Ball 1-2: Foul Ball, location: 2F 1-2: Ball 2-2: Foul Ball, location: 2F 2-2: SINGLE (Flyball, 8LS, EV 90.6 MPH) Alfredo de la Cruz scores Chris King to third Adrian Rudkilde to second Runner from 3rd tries for Home, SAFE, throw by CF to home
|
|
Batting: LHB Chad Persaud
|
0-0: DOUBLE (Flyball, 9LD, EV 96.9 MPH) Adrian Rudkilde scores Eddie McCoy to third
|
|
Batting: RHB Herb McIntyre
|
0-0: Ball 1-0: Ball 2-0: Ball 3-0: Called Strike 3-1: Base on Balls
|
|
Batting: LHB Pablo Cardona
|
0-0: Ball 1-0: Reached via error on a dropped throw from 1B, E1 (Groundball, 34S, EV 63.8 MPH) Eddie McCoy scores Chad Persaud to third Herb McIntyre to second
|
|
Batting: RHB Vinny Estrada
|
0-0: Ball 1-0: Foul Ball, location: 2F 1-1: Foul Ball, location: 2F 1-2: Foul Ball, location: 2F 1-2: Strikes out swinging
|
|
Batting: LHB Alfredo de la Cruz
|
0-0: Called Strike 0-1: Foul Ball, location: 2F 0-2: Ball 1-2: Ball 2-2: Ball 3-2: Base on Balls Chad Persaud scores Herb McIntyre to third Pablo Cardona to second
|
|
Pitching: RHP Mike Tallerico
|
|
|
Batting: RHB Logan Morgan
|
0-0: Foul Ball, location: 2F 0-1: Foul Ball, location: 2F 0-2: Hit by Pitch Herb McIntyre scores Pablo Cardona to third Alfredo de la Cruz to second
|
|
Batting: RHB Chris King
|
0-0: Ball 1-0: Swinging Strike 1-1: Ball 2-1: Called Strike 2-2: Ball 3-2: Ground out 3-1 (Groundball, 13, EV 79.4 MPH)
|
| Bottom of the 1st over - 6 runs, 3 hits, 1 error, 3 left on base; Memphis 0 - Albuquerque 6 |
| TOP OF THE 2ND |
|
Memphis Redbirds batting - Pitching for Albuquerque Isotopes : RHP Josh Kenyon
|
|
Batting: RHB Danny Gallo
|
0-0: Called Strike 0-1: Ground out 5-3 (Groundball, 56, EV 105.6 MPH)
|
|
Batting: RHB Fabrice Bertin
|
0-0: Ball 1-0: Called Strike 1-1: Foul Ball, location: 2F 1-2: Foul Ball, location: 2F 1-2: Ball 2-2: Foul Ball, location: 2F 2-2: Fly out, F7 (Flyball, 7D, EV 97.5 MPH)
|
|
Batting: LHB John Bailey
|
0-0: Called Strike 0-1: Ground out 4-3 (Groundball, 4, EV 88.8 MPH)
|
| Top of the 2nd over - 0 runs, 0 hits, 0 errors, 0 left on base; Memphis 0 - Albuquerque 6 |
| BOTTOM OF THE 2ND |
|
Albuquerque Isotopes batting - Pitching for Memphis Redbirds : RHP Mike Tallerico
|
|
Batting: RHB Adrian Rudkilde
|
0-0: Called Strike 0-1: Foul Ball, location: 2F 0-2: Strikes out swinging
|
|
Batting: RHB Eddie McCoy
|
0-0: Called Strike 0-1: Swinging Strike 0-2: Ball 1-2: Ball 2-2: Foul Ball, location: 2F 2-2: Ball 3-2: SINGLE (Flyball, 6D, EV 86.9 MPH)
|
|
Batting: LHB Chad Persaud
|
0-0: Ball 1-0: Foul Ball, location: 2F 1-1: Ball 2-1: Foul Ball, location: 2F 2-2: Ball 3-2: SINGLE (Groundball, 4D, EV 99.4 MPH) Eddie McCoy to second
|
|
Batting: RHB Herb McIntyre
|
0-0: Ball 1-0: Called Strike 1-1: Ball 2-1: Fly out, F8 (Line Drive, 8LD, EV 93.1 MPH)
|
|
Batting: LHB Pablo Cardona
|
0-0: Called Strike 0-1: Ball 1-1: Foul Ball, location: 2F 1-2: Ball 2-2: Foul Ball, location: 2F 2-2: Ball 3-2: Strikes out swinging
|
| Bottom of the 2nd over - 0 runs, 2 hits, 0 errors, 2 left on base; Memphis 0 - Albuquerque 6 |
| TOP OF THE 3RD |
|
Memphis Redbirds batting - Pitching for Albuquerque Isotopes : RHP Josh Kenyon
|
|
Batting: RHB Josh Martin
|
0-0: Ground out 6-3 (Groundball, 6, EV 84.4 MPH)
|
|
Batting: LHB Adam Eisen
|
0-0: Ball 1-0: Called Strike 1-1: Ball 2-1: Fly out, F9 (Flyball, 9, EV 91.2 MPH)
|
|
Batting: RHB Joe Smack
|
0-0: Ball 1-0: Swinging Strike 1-1: Ground out 1-3 (Groundball, P, EV 71.2 MPH)
|
| Top of the 3rd over - 0 runs, 0 hits, 0 errors, 0 left on base; Memphis 0 - Albuquerque 6 |
| BOTTOM OF THE 3RD |
|
Albuquerque Isotopes batting - Pitching for Memphis Redbirds : RHP Mike Tallerico
|
|
Batting: RHB Vinny Estrada
|
0-0: Swinging Strike 0-1: Ball 1-1: Swinging Strike 1-2: Ball 2-2: Ball 3-2: Strikes out swinging
|
|
Batting: LHB Alfredo de la Cruz
|
0-0: Called Strike 0-1: Ball 1-1: Ground out 4-3 (Groundball, 34, EV 88.1 MPH)
|
|
Batting: RHB Logan Morgan
|
0-0: Ball 1-0: Ball 2-0: Ball 3-0: Base on Balls
|
|
Batting: RHB Chris King
|
0-0: SINGLE (Flyball, 56D, EV 94.4 MPH) Logan Morgan to second
|
|
Batting: RHB Adrian Rudkilde
|
0-0: Ball 1-0: Called Strike 1-1: Foul Ball, location: 2F 1-2: Strikes out swinging
|
| Bottom of the 3rd over - 0 runs, 1 hit, 0 errors, 2 left on base; Memphis 0 - Albuquerque 6 |
| TOP OF THE 4TH |
|
Memphis Redbirds batting - Pitching for Albuquerque Isotopes : RHP Josh Kenyon
|
|
Batting: SHB Dan Lash
|
0-0: Ball 1-0: Called Strike 1-1: Called Strike 1-2: Strikes out swinging
|
|
Batting: RHB Jeff Brower
|
0-0: Ball 1-0: Swinging Strike 1-1: Swinging Strike 1-2: Strikes out swinging
|
|
Batting: LHB Ronnie Ashley
|
0-0: Ball 1-0: Fly out, F8 (Flyball, 8RM, EV 83.8 MPH)
|
| Top of the 4th over - 0 runs, 0 hits, 0 errors, 0 left on base; Memphis 0 - Albuquerque 6 |
| BOTTOM OF THE 4TH |
|
Albuquerque Isotopes batting - Pitching for Memphis Redbirds : RHP Mike Tallerico
|
|
Batting: RHB Eddie McCoy
|
0-0: Called Strike 0-1: Foul Ball, location: 2F 0-2: Foul Ball, location: 2F 0-2: Strikes out swinging, 2-3 out at first.
|
|
Batting: LHB Chad Persaud
|
0-0: Ball 1-0: Ball 2-0: Called Strike 2-1: Ball 3-1: Foul Ball, location: 2F 3-2: Reached on error, E5 (Groundball, 56, EV 88.8 MPH)
|
|
Batting: RHB Herb McIntyre
|
0-0: Fly out, F4 (Line Drive, 34, EV 61.2 MPH)
|
|
Batting: LHB Pablo Cardona
|
0-0: Ball 1-0: Ball 2-0: Ball 3-0: Called Strike 3-1: Foul Ball, location: 2F 3-2: Base on Balls Chad Persaud to second
|
|
Batting: RHB Vinny Estrada
|
0-0: Hit by Pitch Chad Persaud to third Pablo Cardona to second
|
|
Pitching: LHP John Murray
|
|
|
Batting: LHB Alfredo de la Cruz
|
0-0: Foul Ball, location: 2F 0-1: Swinging Strike 0-2: Strikes out swinging
|
| Bottom of the 4th over - 0 runs, 0 hits, 1 error, 3 left on base; Memphis 0 - Albuquerque 6 |
| TOP OF THE 5TH |
|
Memphis Redbirds batting - Pitching for Albuquerque Isotopes : RHP Josh Kenyon
|
|
Batting: RHB Danny Gallo
|
0-0: Ball 1-0: Ball 2-0: Called Strike 2-1: Ground out 6-3 (Groundball, 6, EV 102.5 MPH)
|
|
Batting: RHB Fabrice Bertin
|
0-0: Ball 1-0: Foul Ball, location: 2F 1-1: Ball 2-1: Swinging Strike 2-2: Strikes out swinging
|
|
Batting: LHB John Bailey
|
0-0: Ball 1-0: Called Strike 1-1: Ball 2-1: Ball 3-1: Base on Balls
|
|
Batting: RHB Josh Martin
|
0-0: Ball 1-0: Ball 2-0: Called Strike 2-1: Ball 3-1: Fly out, F8 (Flyball, 8RM, EV 82.5 MPH)
|
| Top of the 5th over - 0 runs, 0 hits, 0 errors, 1 left on base; Memphis 0 - Albuquerque 6 |
| BOTTOM OF THE 5TH |
|
Albuquerque Isotopes batting - Pitching for Memphis Redbirds : LHP John Murray
|
|
Batting: RHB Logan Morgan
|
0-0: Ball 1-0: Called Strike 1-1: Foul Ball, location: 2F 1-2: Strikes out swinging
|
|
Batting: RHB Chris King
|
0-0: Ball 1-0: Fly out, F8 (Flyball, 8LD, EV 101.9 MPH)
|
|
Batting: RHB Adrian Rudkilde
|
0-0: Ball 1-0: Foul Ball, location: 2F 1-1: Ball 2-1: Ground out 6-3 (Groundball, 6, EV 109.4 MPH)
|
| Bottom of the 5th over - 0 runs, 0 hits, 0 errors, 0 left on base; Memphis 0 - Albuquerque 6 |
| TOP OF THE 6TH |
|
Memphis Redbirds batting - Pitching for Albuquerque Isotopes : RHP Josh Kenyon
|
|
Batting: LHB Adam Eisen
|
0-0: Foul Ball, location: 2F 0-1: SINGLE (Groundball, 4D, EV 106.2 MPH)
|
|
Batting: RHB Joe Smack
|
0-0: Ball 1-0: Foul Ball, location: 2F 1-1: Ball 2-1: Ball 3-1: Base on Balls Adam Eisen to second
|
|
Batting: SHB Dan Lash
|
0-0: Foul Ball, location: 2F 0-1: Called Strike 0-2: Strikes out swinging
|
|
Batting: RHB Jeff Brower
|
0-0: Ball 1-0: Ball 2-0: Foul Ball, location: 2F 2-1: Foul Ball, location: 2F 2-2: Grounds into double play, 6-4-3 (Groundball, 6, EV 102.5 MPH)
|
| Top of the 6th over - 0 runs, 1 hit, 0 errors, 1 left on base; Memphis 0 - Albuquerque 6 |
| BOTTOM OF THE 6TH |
|
Albuquerque Isotopes batting - Pitching for Memphis Redbirds : LHP John Murray
|
|
Batting: RHB Eddie McCoy
|
0-0: Foul Ball, location: 2F 0-1: Ground out 4-3 (Groundball, 4M, EV 88.1 MPH)
|
|
Batting: LHB Chad Persaud
|
0-0: Foul Ball, location: 2F 0-1: Swinging Strike 0-2: Ball 1-2: Strikes out swinging
|
|
Batting: RHB Herb McIntyre
|
0-0: Fly out, F8 (Flyball, 8LD, EV 101.9 MPH)
|
| Bottom of the 6th over - 0 runs, 0 hits, 0 errors, 0 left on base; Memphis 0 - Albuquerque 6 |
| TOP OF THE 7TH |
|
Memphis Redbirds batting - Pitching for Albuquerque Isotopes : RHP Josh Kenyon
|
|
Batting: LHB Ronnie Ashley
|
0-0: SINGLE (Groundball, 4M, EV 102.5 MPH) (infield hit)
|
|
Batting: RHB Danny Gallo
|
0-0: Swinging Strike 0-1: Ball 1-1: Called Strike 1-2: Ball 2-2: Foul Ball, location: 2F 2-2: Ball 3-2: Ground out 4-3 (Groundball, 4S, EV 71.2 MPH) Ronnie Ashley to second
|
|
Batting: RHB Fabrice Bertin
|
0-0: Ground out 1-3 (Groundball, 25, EV 68.1 MPH)
|
|
Batting: LHB John Bailey
|
0-0: SINGLE (Groundball, 3D, EV 101.9 MPH) Ronnie Ashley to third Runner from 3rd tries for Home, SAFE, throw by RF to home
|
|
Batting: RHB Josh Martin
|
0-0: Fly out, F9 (Flyball, 9LS, EV 85.6 MPH)
|
| Top of the 7th over - 1 run, 2 hits, 0 errors, 1 left on base; Memphis 1 - Albuquerque 6 |
| BOTTOM OF THE 7TH |
|
Albuquerque Isotopes batting - Pitching for Memphis Redbirds : LHP John Murray
|
|
Batting: LHB Pablo Cardona
|
0-0: Ball 1-0: Ball 2-0: Swinging Strike 2-1: Foul Ball, location: 2F 2-2: Ball 3-2: Strikes out swinging
|
|
Batting: RHB Vinny Estrada
|
0-0: Ball 1-0: Ball 2-0: Ball 3-0: Called Strike 3-1: Fly out, F8 (Flyball, 8RXD, EV 108.1 MPH)
|
|
Batting: LHB Alfredo de la Cruz
|
0-0: SINGLE (Groundball, 5L, EV 82.5 MPH) (infield hit)
|
|
Batting: RHB Logan Morgan
|
0-0: Called Strike 0-1: Ball 1-1: Ball Alfredo de la Cruz is caught stealing 2nd base 2-4
|
| Bottom of the 7th over - 0 runs, 1 hit, 0 errors, 0 left on base; Memphis 1 - Albuquerque 6 |
| TOP OF THE 8TH |
|
Memphis Redbirds batting - Pitching for Albuquerque Isotopes : RHP Josh Kenyon
|
|
Batting: LHB Adam Eisen
|
0-0: Ball 1-0: Ball 2-0: Ball 3-0: Called Strike 3-1: Ground out 2-3 (Groundball, 2L, EV 62.5 MPH)
|
|
DELAY
|
Rain delay of 69 minutes in the 8th inning.
|
|
Pitching: RHP Jose Lopez
|
|
|
Batting: RHB Joe Smack
|
0-0: Ground out 6-3 (Groundball, 6, EV 110.6 MPH)
|
|
Batting: SHB Dan Lash
|
0-0: Called Strike 0-1: Ball 1-1: Ball 2-1: Ball 3-1: Foul Ball, location: 2F 3-2: Foul Ball, location: 2F 3-2: Fly out, F4 (Line Drive, 4, EV 68.8 MPH)
|
| Top of the 8th over - 0 runs, 0 hits, 0 errors, 0 left on base; Memphis 1 - Albuquerque 6 |
| BOTTOM OF THE 8TH |
|
Albuquerque Isotopes batting - Pitching for Memphis Redbirds : LHP John Murray
|
|
Batting: RHB Logan Morgan
|
0-0: Ball 1-0: Ground out 6-3 (Groundball, 6S, EV 65.0 MPH)
|
|
Pitching: RHP Doug Nickey
|
|
|
Batting: RHB Chris King
|
0-0: Ball 1-0: Fly out, F7 (Flyball, 7LM, EV 91.9 MPH)
|
|
Batting: RHB Adrian Rudkilde
|
0-0: Ball 1-0: Foul Ball, location: 2F 1-1: Swinging Strike 1-2: Foul Ball, location: 2F 1-2: Foul Ball, location: 2F 1-2: Foul Ball, location: 2F 1-2: Fly out, F7 (Line Drive, 7S, EV 92.5 MPH)
|
| Bottom of the 8th over - 0 runs, 0 hits, 0 errors, 0 left on base; Memphis 1 - Albuquerque 6 |
| TOP OF THE 9TH |
|
Memphis Redbirds batting - Pitching for Albuquerque Isotopes : RHP Jose Lopez
|
|
Batting: RHB Jeff Brower
|
0-0: Called Strike 0-1: Called Strike 0-2: Ball 1-2: Ball 2-2: Ball 3-2: Foul Ball, location: 2F 3-2: Fly out, F4 (Popup, 4S, EV 74.4 MPH)
|
|
Batting: LHB Ronnie Ashley
|
0-0: Called Strike 0-1: Ball 1-1: Ball 2-1: SOLO HOME RUN (Flyball, 7D, EV 96.9 MPH), Distance : 363 ft
|
|
Batting: RHB Danny Gallo
|
0-0: Swinging Strike 0-1: Ball 1-1: Called Strike 1-2: Ball 2-2: Ball 3-2: Base on Balls
|
|
Batting: RHB Fabrice Bertin
|
0-0: Called Strike 0-1: Ball 1-1: Fly out, F4 (Flyball, 4D, EV 87.5 MPH)
|
|
Batting: LHB John Bailey
|
0-0: Ball 1-0: Fly out, F8 (Line Drive, 8RM, EV 100.6 MPH)
|
| Top of the 9th over - 1 run, 1 hit, 0 errors, 1 left on base; Memphis 2 - Albuquerque 6 |
|